Map: Dusk Towers

Players

MCanning

  • Race: Protoss Protoss
  • League: Grandmaster

Neuro - Winner!

  • Race: Zerg Zerg
  • League: Master

VOD

Have the link to the VOD?

Description

Time

  • Played on: Dec. 4, 2015, 2:41 a.m.
  • Length: 27:12
Show
View Real Time Build Order
Export as new Build Order

MCanning Protoss 

Build Orders: Nexus First, Oracle Opening 

Get SALT Encoding   

  12  0:01  Probe (Chrono Boost)  
  13  0:11  Probe (Chrono Boost)  
  14  0:21  Pylon  
  14  0:22  Probe (Chrono Boost)  
  15  0:39  Probe (Chrono Boost)  
  17  0:50  Probe (Chrono Boost)  
  17  0:59  Nexus  
  17  1:10  Gateway  
  17  1:14  Probe (Chrono Boost)  
  18  1:21  Assimilator  
  18  1:24  Probe (Chrono Boost)  
  19  1:26  Assimilator  
  19  1:35  Probe (Chrono Boost)  
  20  1:41  Pylon  
  20  1:45  Probe (Chrono Boost)  
  21  1:56  Probe (Chrono Boost)  
  21  1:58  Cybernetics Core  
  22  2:06  Probe (Chrono Boost)  
  23  2:09  Zealot  
  23  2:12  Probe (Chrono Boost)  
  26  2:17  Probe (Chrono Boost)  
  27  2:23  Probe (Chrono Boost)  
  27  2:27  Probe (Chrono Boost)  
  29  2:33  Probe (Chrono Boost)  
  30  2:39  Mothership Core (Chrono Boost), Stalker (Chrono Boost)  
  30  2:42  Warp Gate  
  30  2:43  Probe (Chrono Boost)  
  35  2:55  Probe (Chrono Boost)  
  36  2:59  Probe (Chrono Boost)  
  36  3:02  Stargate  
  36  3:05  Probe (Chrono Boost)  
  38  3:09  Probe (Chrono Boost)  
  39  3:16  Probe (Chrono Boost)  
  41  3:20  Probe (Chrono Boost)  
  41  3:26  Probe (Chrono Boost)  
  42  3:30  Probe (Chrono Boost), Nexus  
  42  3:33  Pylon  
  43  3:37  Probe (Chrono Boost)  
  43  3:39  Pylon  
  43  3:41  Probe (Chrono Boost)  
  45  3:46  Probe (Chrono Boost)  
  46  3:51  Probe, Oracle (Chrono Boost)  
  50  3:56  Probe  
  50  3:58  Pylon  
  51  4:03  Probe  
  51  4:05  Pylon  
  51  4:08  Robotics Facility  
  51  4:09  Probe  
  52  4:15  Probe  
  54  4:19  Probe  
  54  4:23  Phoenix (Chrono Boost)  
  57  4:27  Forge  
  57  4:28  Probe  
  57  4:30  Gateway  
  58  4:35  Gateway, Probe  
  58  4:36  Pylon  
  59  4:42  Probe  
  59  4:44  Gateway  
  60  4:46  Probe  
  61  4:55  Probe x2  
  61  4:58  Assimilator  
  63  5:00  Protoss Ground Weapons Level 1  
  63  5:02  Probe, Observer, Assimilator  
  63  5:05  Probe  
  66  5:10  Gateway  
  66  5:12  Gateway  
  66  5:14  Probe  
  66  5:16  Probe x2  
  66  5:17  Robotics Bay  
  69  5:25  Probe  
  69  5:26  Probe  
  69  5:28  Probe  
  72  5:32  Observer (Chrono Boost)  
  72  5:34  Twilight Council  
  73  5:35  Probe  
  73  5:37  Probe, Pylon  
  73  5:40  Probe  
  76  5:46  Probe  
  76  5:47  Probe  
  78  5:52  Probe  
  79  5:57  Probe  
  79  6:00  Stalker  
  79  6:01  Sentry x2  
  86  6:05  Probe  
  86  6:07  Assimilator  
  86  6:09  Pylon  
  86  6:10  Disruptor (Chrono Boost)  
  86  6:11  Assimilator  
  90  6:12  Pylon  
  90  6:15  Probe  
  90  6:18  Probe  
  92  6:19  Stalker x2  
  92  6:21  Probe  
  97  6:31  Probe  
  97  6:32  Probe  
  98  6:39  Probe  
  99  6:44  Probe  
  101  6:49  Stalker x6, Probe  
  114  6:55  Photon Cannon  
  114  6:56  Photon Cannon  
  114  6:57  Photon Cannon  
  114  6:58  Disruptor (Chrono Boost), Blink (Chrono Boost)  
  114  6:59  Photon Cannon  
  117  7:02  Pylon  
  117  7:03  Probe  
  118  7:17  Nexus, Photon Cannon  
  118  7:18  Pylon  
  118  7:20  Pylon x2  
  118  7:31  Disruptor (Chrono Boost)  
  118  7:35  Stalker x2  
  118  7:36  Stalker  
  127  7:41  Photon Cannon  
  127  7:43  Photon Cannon  
  127  7:44  Probe  
  127  7:45  Gateway  
  127  7:47  Gateway  
  127  7:49  Assimilator  
  128  7:55  Probe, Assimilator  
  129  7:59  Probe  
  129  8:02  Disruptor (Chrono Boost)  
  133  8:06  Gateway  
  133  8:07  Gateway  
  133  8:09  Gateway, Robotics Facility  
  133  8:11  Gateway, Adept x2  
  133  8:12  Adept, Pylon  
  139  8:23  Stalker x2  
  139  8:24  Stalker  
  146  8:27  Probe, Protoss Ground Weapons Level 2 (Chrono Boost)  
  146  8:33  Disruptor (Chrono Boost)  
  149  8:38  Probe  
  149  8:39  Probe  
  149  8:40  Adept x2  
  149  8:41  Probe, Adept  
  157  8:44  Probe  
  159  8:50  Stalker x5  
  169  9:02  Disruptor (Chrono Boost)  
  169  9:09  Disruptor (Chrono Boost)  
  172  9:10  Stalker x3  
  172  9:12  Probe  
  180  9:23  Pylon  
  180  9:24  Pylon  
  180  9:26  Pylon  
  180  9:27  Resonating Glaives  
  180  9:37  Pylon x2  
  180  9:42  Probe  
  180  9:45  Pylon  
  181  9:48  Pylon  
  181  9:49  Pylon  
  181  9:51  Photon Cannon  
  178  9:53  Photon Cannon, Robotics Facility  
  178  9:54  Robotics Facility  
  162  10:10  Pylon  
  162  10:11  Pylon x3  
  162  10:14  Adept x4  
  164  10:15  Probe, Adept x2  
  164  10:18  Adept x3  
  179  10:22  Disruptor  
  179  10:23  Pylon  
  179  10:33  Fleet Beacon  
  179  10:34  Stalker x3  
  179  10:35  Stalker x4  
  193  10:44  Probe  
  194  10:51  Probe  
  194  10:52  Nexus  
  195  10:58  Probe  
  195  11:03  Probe  
  197  11:09  Stalker  
  199  11:12  Protoss Ground Weapons Level 3 (Chrono Boost)  
  199  11:13  Probe  
  195  11:40  Adept  
  195  11:43  Adept x2  
  195  11:44  Adept x2  
  177  11:48  Probe, Pylon  
  177  11:52  Probe  
  175  11:55  Probe  
  175  12:00  Probe  
  147  12:18  Stalker, Disruptor (Chrono Boost)  
  147  12:19  Stalker x5  
  147  12:20  Stalker, Anion Pulse-Crystals (Chrono Boost)  
  147  12:21  Disruptor (Chrono Boost)  
  144  12:22  Disruptor (Chrono Boost)  
  144  12:25  Mothership Core (Chrono Boost), Stargate  
  136  12:30  Stargate  
  136  12:32  Stalker x2  
  136  12:33  Stalker x2  
  144  12:47  Probe  
  144  12:48  Disruptor (Chrono Boost)  
  144  12:50  Dark Shrine  
  145  12:55  Phoenix (Chrono Boost)  
  145  12:56  Nexus  
  150  12:59  Pylon  
  150  13:01  Stalker x5, Pylon  
  150  13:02  Stalker x3  
  160  13:10  Phoenix (Chrono Boost)  
  162  13:19  Zealot x3  
  166  13:30  Phoenix x2 (Chrono Boost)  
  167  13:35  Phoenix (Chrono Boost)  
  167  13:37  Probe  
  167  13:38  Probe  
  160  13:44  Zealot x3  
  160  13:45  Zealot x2  
  160  13:46  Zealot x3  
  176  13:52  Probe  
  179  13:57  Phoenix x2 (Chrono Boost)  
  179  14:07  Probe  
  179  14:09  Probe  
  176  14:14  Nexus, Zealot  
  176  14:16  Phoenix (Chrono Boost), Photon Cannon  
  178  14:18  Photon Cannon  
  178  14:19  Phoenix (Chrono Boost)  
  178  14:21  Photon Cannon  
  178  14:22  Phoenix (Chrono Boost)  
  182  14:30  Dark Templar x2  
  182  14:31  Dark Templar x3  
  192  14:37  Archon x2  
  189  14:38  Dark Templar  
  189  14:40  Phoenix x2 (Chrono Boost)  
  181  14:47  Phoenix (Chrono Boost)  
  181  14:52  Stalker x2  
  173  15:03  Phoenix (Chrono Boost)  
  173  15:04  Probe  
  172  15:13  Probe  
  171  15:14  Dark Templar x3  
  171  15:16  Immortal  
  171  15:17  Immortal  
  171  15:19  Dark Templar  
  183  15:25  Charge (Chrono Boost)  
  187  15:32  Archon x2  
  187  15:38  Pylon  
  187  15:41  Mothership Core (Chrono Boost)  
  189  15:44  Protoss Ground Armor Level 1  
  189  15:47  Probe (Chrono Boost)  
  189  15:49  Assimilator  
  190  15:57  Assimilator  
  186  16:06  Stalker x3  
  186  16:07  Stalker x3  
  198  16:12  Observer  
  198  16:13  Observer  
  200  16:19  Nexus  
  200  16:22  Pylon x2  
  196  17:03  Tempest (Chrono Boost)  
  200  17:12  Probe (Chrono Boost)  
  200  17:15  Tempest x2 (Chrono Boost)  
  187  17:27  Probe  
  186  17:31  Templar Archives  
  186  17:32  Pylon  
  186  17:35  Pylon  
  186  17:36  Photon Cannon x2  
  178  17:39  Photon Cannon  
  178  17:43  Tempest (Chrono Boost)  
  178  17:44  Assimilator  
  182  17:48  Assimilator  
  182  17:53  Tempest (Chrono Boost)  
  182  17:54  Tempest (Chrono Boost)  
  187  18:06  Dark Templar  
  187  18:07  Dark Templar x2  
  188  18:19  Tempest (Chrono Boost)  
  185  18:25  Psionic Storm  
  185  18:26  Tempest (Chrono Boost)  
  182  18:31  Tempest (Chrono Boost)  
  190  18:38  High Templar x3  
  190  18:40  Probe  
  195  18:49  Nexus, High Templar x2  
  195  18:51  Pylon  
  195  18:52  Pylon  
  191  19:04  Tempest  
  176  19:17  Tempest  
  176  19:21  Photon Cannon  
  176  19:22  Photon Cannon  
  158  19:27  Archon x2  
  158  19:28  Dark Templar  
  138  19:45  Dark Templar x2  
  114  19:57  Probe  
  114  19:58  Assimilator  
  108  20:00  Archon  
  108  20:04  Assimilator  
  108  20:07  Photon Cannon  
  108  20:09  Photon Cannon  
  108  20:12  Probe  
  109  20:16  Dark Templar  
  109  20:17  Zealot x4  
  109  20:18  Zealot  
  121  20:22  Probe  
  121  20:28  Probe  
  122  20:32  High Templar  
  125  20:39  Probe, Observer  
  125  20:41  Probe  
  128  20:46  High Templar  
  128  20:47  Zealot x2  
  128  20:48  Zealot  
  136  20:57  High Templar  
  136  20:58  Probe  
  136  21:01  Probe  
  140  21:07  High Templar  
  140  21:08  Zealot  
  140  21:09  Zealot x2  
  140  21:10  Probe  
  148  21:12  Probe  
  148  21:18  Probe x3  
  152  21:20  Probe  
  152  21:24  Stalker  
  156  21:37  Zealot x2  
  156  21:38  Zealot x2  
  164  21:42  Probe, Observer  
  166  21:56  Phoenix x2 (Chrono Boost)  
  166  21:57  Phoenix (Chrono Boost)  
  167  22:17  Phoenix x2 (Chrono Boost)  
  167  22:18  Phoenix (Chrono Boost)  
  158  22:40  Phoenix x2 (Chrono Boost)  
  117  22:54  Phoenix (Chrono Boost)  
  105  23:02  Phoenix (Chrono Boost)  
  105  23:16  Nexus  
  105  23:17  Pylon  
  73  24:58  Probe  
  67  25:30  Probe  
  68  25:46  Archon  
  62  26:09  Mothership Core  
Show
View Real Time Build Order
Export as new Build Order

Neuro Zerg - Winner!

Build Orders: 3 Hatch before Pool, Lurkers 

Get SALT Encoding   

  12  0:01  Drone  
  13  0:08  Drone  
  14  0:17  Overlord  
  14  0:24  Extractor  
  14  0:25  Drone  
  15  0:37  Drone x2  
  17  0:53  Hatchery  
  17  0:56  Drone  
  17  0:59  Drone  
  18  1:10  Drone  
  19  1:24  Hatchery  
  18  1:26  Drone  
  19  1:41  Spawning Pool  
  19  1:44  Drone x2  
  20  1:54  Drone  
  21  1:59  Extractor  
  21  2:00  Drone  
  21  2:06  Drone  
  22  2:11  Drone  
  23  2:19  Drone  
  24  2:23  Drone  
  24  2:28  Queen  
  27  2:32  Overlord  
  27  2:35  Queen  
  29  2:40  Drone x3  
  29  2:42  Queen  
  34  2:50  Overlord  
  34  2:53  Drone x2  
  36  3:05  Roach Warren  
  36  3:06  Drone x3  
  36  3:12  Drone x3  
  41  3:24  Lair  
  41  3:25  Drone x3  
  44  3:29  Drone  
  45  3:34  Queen  
  45  3:36  Overlord  
  45  3:39  Drone x3  
  50  3:50  Hatchery  
  50  3:55  Drone x4  
  53  4:00  Drone  
  53  4:01  Drone x2  
  56  4:04  Drone x2  
  58  4:22  Extractor  
  57  4:24  Spore Crawler  
  57  4:25  Spore Crawler  
  57  4:27  Spore Crawler  
  57  4:28  Drone x4  
  58  4:37  Evolution Chamber, Overlord  
  58  4:38  Overlord, Hydralisk Den  
  56  4:39  Overlord  
  56  4:44  Extractor x2  
  51  4:54  Overlord  
  51  4:55  Overlord x4  
  51  4:59  Drone x8  
  59  5:06  Zerg Missile Weapons Level 1, Glial Reconstitution  
  60  5:16  Roach x2  
  60  5:17  Roach x2  
  60  5:18  Zergling x18  
  77  5:28  Queen  
  79  5:36  Roach x6  
  91  5:48  Overseer  
  91  5:53  Drone x14  
  91  5:55  Extractor  
  104  6:04  Lurker Den  
  104  6:21  Overlord  
  104  6:22  Overlord x4  
  104  6:25  Spore Crawler  
  103  6:37  Drone  
  103  6:39  Overlord x3  
  104  6:41  Drone x12, Extractor x2  
  104  6:46  Extractor x2  
  112  7:00  Nydus Network  
  111  7:09  Hydralisk x9  
  111  7:14  Queen x2  
  133  7:16  Ravager x2  
  135  7:25  Drone x7  
  135  7:26  Drone  
  143  7:37  Overseer  
  143  7:42  Zerg Missile Weapons Level 2  
  143  7:44  Muscular Augments  
  143  7:47  Zergling x22  
  154  8:08  Drone x6  
  160  8:13  Spore Crawler x2  
  160  8:14  Hatchery, Drone x3  
  160  8:15  Overlord x2  
  160  8:16  Overlord x4, Spore Crawler  
  160  8:17  Spore Crawler x2  
  160  8:18  Spore Crawler x2  
  155  8:20  Spine Crawler  
  155  8:23  Spine Crawler  
  155  8:25  Spore Crawler, Spine Crawler  
  151  8:31  Zergling x18  
  160  8:40  Lurker x2  
  160  8:41  Lurker x6  
  165  8:44  Metabolic Boost  
  156  9:15  Hydralisk x6  
  156  9:16  Hydralisk x2  
  172  9:19  Nydus Canal  
  172  9:21  Hydralisk x9  
  190  9:31  Spire  
  183  10:04  Zerg Melee Weapons Level 1  
  171  10:08  Drone x6  
  170  10:20  Extractor  
  168  10:23  Extractor  
  168  10:25  Drone x2  
  168  10:26  Drone x2  
  168  10:27  Drone x2  
  173  10:33  Hatchery  
  173  10:35  Lurker x7  
  177  10:36  Lurker  
  180  10:43  Infestation Pit  
  180  10:46  Zergling x6  
  180  10:47  Zergling x32  
  192  11:20  Hive  
  192  11:22  Zerg Flyer Armor Level 1  
  192  11:37  Mutalisk x10  
  184  11:54  Drone x3  
  184  11:55  Drone x3  
  184  11:58  Zerg Ground Armor Level 1  
  166  12:15  Mutalisk  
  166  12:16  Mutalisk x13  
  189  12:40  Spine Crawler  
  189  12:42  Hatchery, Spore Crawler  
  186  12:50  Extractor  
  185  12:52  Ultralisk Cavern, Extractor  
  185  12:55  Spore Crawler  
  185  12:56  Spine Crawler  
  185  12:58  Spine Crawler  
  180  13:00  Nydus Canal  
  180  13:05  Mutalisk x9  
  194  13:27  Nydus Canal  
  194  13:29  Mutalisk x5  
  199  13:41  Chitinous Plating  
  195  13:52  Mutalisk, Zerg Melee Weapons Level 2  
  195  13:53  Mutalisk x2  
  195  13:55  Greater Spire  
  192  14:06  Mutalisk x3  
  190  14:12  Nydus Canal  
  190  14:16  Zergling x18  
  186  14:40  Nydus Canal  
  138  15:00  Corruptor x12  
  148  15:11  Corruptor x3  
  152  15:14  Queen x3  
  152  15:20  Drone x3  
  161  15:22  Adrenal Glands  
  161  15:27  Spore Crawler x2  
  161  15:28  Spore Crawler x2  
  158  15:32  Brood Lord x2  
  161  15:37  Spore Crawler  
  161  15:38  Spine Crawler  
  161  15:39  Spine Crawler  
  158  15:49  Brood Lord x2  
  164  15:50  Queen x3, Brood Lord  
  164  15:53  Overseer  
  164  15:54  Overseer  
  164  15:56  Extractor  
  168  16:26  Brood Lord x2  
  168  16:27  Brood Lord x2  
  176  16:38  Ultralisk x2  
  164  16:53  Brood Lord x2  
  168  16:54  Viper x2  
  172  17:13  Ultralisk x2  
  167  17:39  Zerg Melee Weapons Level 3  
  167  17:51  Corruptor  
  167  17:52  Corruptor x3  
  175  18:07  Pathogen Glands  
  175  18:09  Spine Crawler  
  175  18:10  Spine Crawler  
  173  18:18  Corruptor  
  175  18:41  Spine Crawler  
  175  18:44  Spine Crawler  
  175  18:48  Corruptor x3  
  173  18:49  Spine Crawler  
  173  18:54  Infestor x2  
  144  19:18  Corruptor x3  
  138  19:37  Overseer x2  
  134  19:43  Drone x3  
  99  20:04  Drone x7  
  71  20:18  Drone x9  
  80  20:38  Zerg Flyer Armor Level 2  
  80  20:41  Drone x3  
  81  20:47  Overseer  
  81  20:48  Overseer  
  81  21:00  Overseer  
  81  21:01  Overseer  
  81  21:08  Mutalisk x15  
  81  21:09  Mutalisk  
  113  21:24  Mutalisk x7  
  127  21:31  Mutalisk x3  
  133  21:43  Mutalisk  
  135  21:55  Mutalisk x2  
  131  22:23  Ultralisk Cavern  
  131  22:25  Mutalisk x2  
  122  22:30  Spawning Pool  
  110  22:39  Mutalisk  
  106  23:02  Spawning Pool  
  106  23:04  Mutalisk x2  
  100  23:27  Zergling x28  
  100  23:28  Zergling x2  
  83  23:56  Zergling x12  
  82  24:15  Pneumatized Carapace  
  64  24:35  Zergling x18  
  46  25:24  Hatchery  
  35  26:12  Zergling x6  
  38  26:40  Drone  
  39  26:51  Hatchery  
Tags
 
Add a new tag
Caveats
  • Supply blocks, unpowered buildings, or Contaminate may cause inaccurate times.
  • Supply counts are checked every 10 seconds.